← All builds
Geo / Armada / Economy first / OBSERVED BUILD

Mauser artillery

Armada Geo build order · Supreme Isthmus

Geo skips straight to an Advanced Vehicle Plant and brings Mauser artillery to the middle from about 5:24, well before the role's normal T2 unit timing.

#t2 #artillery #push · 93 distinct matches · 37 players · 3% of Armada Geo games · team won 59% of 94 · Recently observed

THE CATCH, AND WHAT COMES WITH IT
  • MauserT2 vehicle artillery from 5:23 · 4% of role by thenFrom the Advanced Vehicle Plant. Only 4% of Geo games have it by then; others who build it get it around 8:06
  • Advanced Vehicle PlantAdvanced Vehicle Plant in 96%7% of all Geo games by then
  • Vehicle PlantVehicle Plant in 96%17% of all Geo games by then
  • ProphetRadar vehicle in 59%2% of all Geo games by then

Where those units first fight, in 94 games with kill data: in the middle 85%, on their own side 15%.

Those units destroy a typical 3,937 metal of enemy units by 15:00.

Then transitions into Starlight (24% of army), Jaguar (21% of army).

HOW TO PLAY IT

Key timing: Advanced Vehicle Plant by 4:26

  1. Open double mex and wind into Bot Lab by 1:12.
  2. Bring geo online, then reclaim bot lab and vehicle plant.
  3. Drop Vehicle Plant, then push straight to Advanced Vehicle Plant.
  4. Field Mauser arty from the T2 plant to support front.
  5. Add Umbra jammer support alongside the arty push.

Phase by phase

TYPICAL OF ITS 93 GAMES · AGAINST STANDARD GEO
  1. 1
  2. 2
  3. 3
  4. 4
PLAY THE OPENING

Follow the example game's first 6:24 step by step: what to build now, what comes next, and where it goes. At 1× it keeps pace with your own game.

  1. 1

    Up to the Bot Lab

    Economy
    • Metal Extractor3Mex
    • Wind Turbine3Wind
    Order
    1. Bot LabBot Lab after 3 mex, 3 winddone ~1:08, middle half 0:54–1:20

    By 0:51 in all: 3 mex · 3 wind

    The example game in this phase · 4 steps
    1. Mex ×3
    2. Wind ×4
    3. Energy storage
    4. Bot LabBot Labdone 1:18 · typical 1:08
  2. 2

    Bot Lab to Vehicle Plant

    Economy
    • Metal Extractor1Mex
    • Wind Turbine2Wind
    • Energy Converter6Converter+4 vs standard
    • Energy Storage1Energy storage
    Order
    1. Geothermal PowerplantGeo after 4 mex, 6 wind, 1 energy storage
    2. Bot LabEat Bot Lab
    3. Vehicle PlantVehicle Plant after 4 mex, 7 wind, 6 converterdone ~4:17, middle half 3:56–4:31
    Builders
    • Construction Turret2 Con turret
    • Lazarus3 Lazarus
    • Construction Bot1 Con bot
    • Construction Bot1 Con bot for allies
    • Lazarus1 Lazarus for allies

    By 4:04 in all: 4 mex · 7 wind · 1 geo · 6 converter (standard 2) · 1 energy storage · 2 con turret

    The example game in this phase · 22 steps
    1. TickTickfor Front
    2. Energy storage
    3. TickTick ×4for Front
    4. LazarusLazarus ×2
    5. Wind ×2
    6. Construction BotCon botfor Beach sea
    7. Wind
    8. Construction BotCon bot
    9. Wind ×2
    10. Mex
    11. LazarusLazarusfor Beach sea
    12. Energy storage
    13. Mex ×2
    14. Con turret
    15. LazarusLazarus
    16. Construction BotCon bot
    17. Con turret
    18. Geothermal PowerplantGeodone 4:04 · typical 3:13
    19. Con turret
    20. Bot LabEat Bot Labreclaimed for its metal
    21. Wind
    22. Vehicle PlantVehicle Plantdone 5:16 · typical 4:17
  3. 3

    Vehicle Plant to T2 vehicle artillery

    Economy
    • Energy Converter2Converter−4 vs standard
    Order
    1. Advanced Vehicle PlantAdvanced Vehicle Plant after 4 mex, 7 wind, 6 converter
    2. Vehicle PlantEat Vehicle Plant
    3. MauserT2 vehicle artillery after 4 mex, 7 wind, 6 converter
    Builders
    • Construction Vehicle1 Con vehicle

    The standard build makes here, this one skips: 2 con turret

    By 5:23 in all: 4 mex · 7 wind · 1 geo · 6 converter (standard 9) · 1 energy storage · 3 con turret (standard 6)

    The example game in this phase · 17 steps
    1. Wind ×2
    2. Converter
    3. Construction VehicleCon vehicle
    4. Converter ×6
    5. Wind
    6. Converter
    7. Advanced Vehicle PlantAdvanced Vehicle Plantdone 7:07 · typical 5:18
    8. Vehicle PlantEat Vehicle Plantreclaimed for its metal
    9. Wind
    10. Converter
    11. Wind
    12. Converter
    13. Wind
    14. Advanced Construction VehicleT2 con vehiclefor Suicide front
    15. Converter
    16. Wind
    17. MauserMauserdone 7:31
  4. 4

    T2 vehicle artillery to 10:00

    Economy
    • Wind Turbine1Wind−7 vs standard
    Order
    1. Advanced Geothermal PowerplantAdvanced Geothermal Powerplant after 4 mex, 7 wind, 7 converterin 57% of games
    Builders
    • Construction Turret2 Con turret
    • Advanced Construction Vehicle1 T2 con vehicle for allies
    • Advanced Construction Vehicle1 T2 con vehicle
    Army
    • Mauser4 Mauser +4 vs standard
    • Prophet1 Radar vehicle

    Some games also: jammer (49%) · converter (31%)

    The standard build makes here, this one skips: 6 converter · 2 Starlight

    By 10:00 in all: 4 mex · 10 wind (standard 18) · 1 geo · 1 Advanced Geothermal Powerplant · 8 converter (standard 16) · 1 energy storage

    The example game in this phase · 62 steps
    1. Converter
    2. Advanced Metal ExtractorT2 mexdone 8:16 · typical 7:27
    3. MauserMauser
    4. Converter
    5. Wind
    6. Converter
    7. Advanced Metal ExtractorT2 mex
    8. MauserMauser
    9. Advanced Metal ExtractorT2 mex
    10. Wind ×3
    11. MauserMauser
    12. Wind
    13. ConsulConsul
    14. Wind
    15. Con turret
    16. Advanced Construction VehicleT2 con vehicle
    17. Con turret
    18. Wind ×3
    19. Advanced Construction VehicleT2 con vehiclefor Front
    20. Wind
    21. Advanced Geothermal PowerplantAdvanced Geothermal Powerplantdone 11:00 · typical 10:12
    22. Wind
    23. Advanced Construction VehicleT2 con vehiclefor Pond
    24. Wind ×2
    25. UmbraJammer
    26. Wind ×3
    27. StarlightStarlightdone 11:32 · typical 11:16
    28. Wind
    29. Advanced Metal ExtractorT2 mex
    30. Wind ×3
    31. StarlightStarlight
    32. Wind ×3
    33. StarlightStarlight
    34. Wind
    35. Cloakable Fusion ReactorCloakable Fusion Reactordone 14:37
    36. Wind ×2
    37. StarlightStarlight
    38. Converter
    39. Wind ×4
    40. JaguarJaguar
    41. Wind
    42. Radar TowerRadar Tower
    43. JaguarJaguar
    44. Wind
    45. ProphetRadar vehicle
    46. JaguarJaguar
    47. Wind
    48. JaguarJaguar
    49. Converter
    50. Wind
    51. JaguarJaguar
    52. Wind ×2
    53. JaguarJaguar
    54. StarlightStarlight
    55. Converter
    56. Wind ×3
    57. PrudePrudenot finished by 15:00
    58. Wind ×2
    59. StarlightStarlight
    60. Wind
    61. UmbraJammer
    62. Wind

Counts are medians over the build's games: half of them build more, half fewer. The example game is JesterB's (33 OS, 21/09/2026); pick another.

Team trades

IN AT LEAST 30% OF ITS GAMES

You hand over

  • Lazarus1 Lazarus to Beach sea or Geo seafirst at 2:04 · in 60% of games
  • Construction Bot1 Con bot to Beach sea or Pondfirst at 2:35 · in 71% of games
  • Advanced Construction Vehicle2 T2 con vehicle to Front or Suicide frontfirst at 8:45 · in 73% of games

You get

Nothing regular.

How it plays out

Typical game of this build against the role’s standard build, running totals by minute

  • This build
  • Standard geo

Metal produced

020k40k
0:005:0010:0015:00

metal

Enemy metal destroyed

05k10k15k
0:005:0010:0015:00

metal

Own metal lost

02k4k6k
0:005:0010:0015:00

metal

94 games.

Show as table
ByMetal produced: This buildMetal produced: Standard geoEnemy metal destroyed: This buildEnemy metal destroyed: Standard geoOwn metal lost: This buildOwn metal lost: Standard geo
1:003733330000
2:008798590000
3:00154215270000
4:00271126710000
5:00456236940000
6:00638056380000
7:0074738023284000
8:009015113451210000
9:00110771440722254329084
10:0013639172782761479661200
11:001629420120350617481088520
12:0018736229924787362114751607
13:0021074257345697591020612971
14:0023639285837140824828554426
15:00264583135496911020540185580
WHAT THE NUMBERS SAY

Won more often than the standard Geo build and destroyed far more metal while losing less.

  • + Destroys 10530 metal by 15:00 vs standard's 10573, close while losing far less
  • + Own losses much lower, 4750 vs 5975 by 15:00
  • − Metal produced trails standard badly by 10:00, 13782 vs 17433
  • − Mauser lands by 8:13, slower than the claimed early push despite the 5:30 start
THE EXAMPLE YOU ARE READING

JesterB

32.5 OS · 21/09/2026

Open source match ↗

2 received units
1109 metal received · 61838 energy received

Allied construction assistance is unknown. Timings are observations, not a promise of solo reproducibility.

Typical milestones

Bot Lab1:08Middle 50%: 0:54–1:20 · n=94
Geothermal Powerplant3:13Middle 50%: 3:02–3:34 · n=94
Vehicle Plant4:17Middle 50%: 3:56–4:31 · n=94
Advanced Vehicle Plant5:18Middle 50%: 5:03–5:43 · n=94
Advanced Metal Extractor7:27Middle 50%: 6:57–8:14 · n=93
Advanced Geothermal Powerplant10:12Middle 50%: 9:34–11:23 · n=72
Starlight11:16Middle 50%: 10:23–12:21 · n=61

Played most by

[FCRD]GlazedByAfussy12games of this buildmalleking8games of this buildJosephPilates7games of this buildJustSomeGuy6games of this build0neTw05games of this build